 Dungeon Crawl Stone Soup version 0.28.0-53-g5a82cb258f (webtiles) character file.

Game seed: 18238456979439569104

6 Plasmagod the Magician (level 2, 0/21 HPs)
             Began as a Djinni Air Elementalist on July 18, 2022.
             Frozen to death by an endoplasm (6 damage)
             ... on level 1 of the Dungeon.
             The game lasted 00:00:22 (299 turns).

Plasmagod the Magician (Djinni Air Elementalist)     Turns: 299, Time: 00:00:23

Health: 0/21       AC:  2    Str:  7    XL:     2   Next: 0%
Gold:   0          EV: 12    Int: 16    God:
                   SH:  0    Dex: 13

rFire   + + .      SeeInvis .   (no weapon)
rCold   x . .      Faith    .   (no shield)
rNeg    . . .      Spirit   .   a - +0 robe
rPois   ∞          Reflect  .   (no helmet)
rElec   .          Harm     .   (no cloak)
rCorr   .          Rampage  .   (no gloves)
Will    .....                   (boots unavailable)
Stlth   ++........              (no amulet)
HPRegen 0.07/turn               (no ring)
MPRegen 0.00/turn               (no ring)

@: flying, very slightly contaminated
A: sickness immunity, fire resistance 2, cold vulnerability 1, float, innate
caster, HP casting, extra vitality 1
a: no special abilities


You were on level 1 of the Dungeon.
You visited 1 branch of the dungeon, and saw 1 of its levels.

Inventory:

Armour
 a - a +0 robe (worn)
Scrolls
 c - a scroll of brand weapon {unknown}
Potions
 b - a potion of brilliance {unknown}
 d - a potion of ambrosia {unknown}


   Skills:
 + Level 2.2 Dodging
 + Level 1.6 Stealth
 + Level 2.6 Spellcasting


You couldn't memorise any spells.
You knew the following spells:

 Your Spells              Type           Power      Damage    Failure   Level
a - Shock                 Conj/Air       40%        1d5       6%          1
b - Static Discharge      Conj/Air       10%        N/A       10%         2
c - Swiftness             Air            10%        N/A       19%         3
d - Airstrike             Air            5%         N/A       54%         4
Your spell library was empty.

Dungeon Overview and Level Annotations

Branches:
Dungeon (1/15)

Altars:


Innate Abilities, Weirdness & Mutations

You are immune to sickness and miasma.
You are immune to poison.
Your flesh is very heat resistant. (rF++)
You are vulnerable to cold. (rC-)
You float through the air rather than walking.
You learn spells naturally, not from books.
Your magical power is your life essence.
You have superior vitality. (+4 MHP)


Message History

The zap hits the bat.
The bat is moderately wounded.
The zap hits the plant.
The plant begins to die.
The plant is lightly damaged.
The bat hits you but does no damage.
An endoplasm comes into view.
Aiming: Shock (safe; 6% risk of failure)
Press: ? - help, Q - select action, (/) - cycle Shift-Dir - straight line, f/p - bat
Aim: a bat (moderately wounded, 52% to hit)
The zap hits the bat.
The bat is heavily wounded.
The endoplasm quivers.
The bat hits you but does no damage.
Casting: Shock (safe; 6% risk of failure)
Confirm with . or Enter, or press ? or * to list all spells.
You miscast Static Discharge.
You are very lightly contaminated with residual magic.
Nothing appears to happen.
The endoplasm closely misses you.
Casting: Static Discharge (safe; 10% risk of failure)
Confirm with . or Enter, or press ? or * to list all spells.
The fungus is struck by an arc of lightning.
The fungus begins to die.
The fungus is lightly damaged.
The plant is struck by an arc of lightning.
The plant begins to die.
The plant is lightly damaged.
The lightning grounds out.
A nearby plant withers and dies.
The endoplasm freezes you.
You are frozen!
You feel a terrible chill!
Casting: Static Discharge (safe; 10% risk of failure)
Confirm with . or Enter, or press ? or * to list all spells.
The fungus is struck by an arc of lightning!
The fungus is lightly damaged.
The plant is struck by an arc of lightning!
The plant is lightly damaged.
The lightning grounds out.
* * * LOW HITPOINT WARNING * * *
The endoplasm freezes you.
You are frozen.
You feel a terrible chill!
You die...

..# ##....#
..########## ##
#...#..
.>'........###♣_
#'''#.#
..###.#...##....
#...#.# ..#
#.#...#...≈≈
#...#.. ..#
#.#...##...≈
##...### ..#
#.+..†.##...
#.....# ..#
###.....###J###
#.....## ...
#.....#.##@P#
#...#...# ...
#....##...P##
#...#...#
#....#.P####
#...###...
#.......# ##...
#... #......##
#...# ##..
..........#
##...#####..
........###
#...........
........#
#......<....
.........
############


You could see an endoplasm.

Vanquished Creatures
  A hobgoblin (D:1)
  2 kobolds (D:1)
  A ball python (D:1)
  2 frilled lizards (D:1)
  A rat (D:1)
7 creatures vanquished.

Vanquished Creatures (others)
  4 fungi (D:1)
  A plant (D:1)
5 creatures vanquished.

Grand Total: 12 creatures vanquished

Notes
Turn   | Place    | Note
-------+----------+-------------------------------------------
     0 | D:1      | Plasmagod the Djinni Air Elementalist began the quest for
                  | the Orb.
     0 | D:1      | Reached XP level 1. HP: 15/15 MP: 0/0
   252 | D:1      | Reached XP level 2. HP: 19/21 MP: 0/0
   294 | D:1      | Found a faded altar of an unknown god.
   299 | D:1      | Frozen to death by an endoplasm

Illustrated notes

Levels and vault maps discovered:
D:1:      lemuel_arrival_funnel, layout_basic,
          dreamdust_ecumenical_altar_hidden_monk_grotto, serial_shops,
          nicolae_shop_advertising_works [nicolae_subvault_shop_adworks],
          nicolae_grassy_gnolls

Action                   || total
-------------------------++-------
 Cast: Shock             ||    12
       Static Discharge  ||     2
Armor: Robe              ||     2
Dodge: Dodged            ||     2
